 Dungeon Crawl Stone Soup version 0.29.1-12-g30fa7ad0bf (webtiles) character file.

Game seed: 2624950194846367035

120 fleeber the Digger (level 5, 0/28 HPs)
             Began as a Gargoyle Earth Elementalist on Dec 20, 2022.
             Slain by a scorpion (6 damage)
             ... on level 2 of the Dungeon.
             The game lasted 00:03:45 (1378 turns).

fleeber the Digger (Gargoyle Earth Elementalist)    Turns: 1378, Time: 00:03:46

Health: 0/28       AC:  6    Str: 12    XL:     5   Next: 4%
Magic:  0/9        EV: 11    Int: 17    God:
Gold:   84         SH:  0    Dex: 10    Spells: 9/10 levels left

rFire   . . .      SeeInvis .   l - +0 club
rCold   . . .      Faith    .   (no shield)
rNeg    + . .      Spirit   .   a - +0 robe
rPois   ∞          Reflect  .   (no helmet)
rElec   +          Harm     .   (no cloak)
rCorr   .          Rampage  .   (no gloves)
Will    .....                   (no boots)
Stlth   ++........              e - amulet of regeneration
HPRegen 0.89/turn               (no ring)
MPRegen 0.11/turn               (no ring)

@: no status effects
A: sickness immunity, AC +4, negative energy resistance 1, electricity
resistance, torment resistance 1, petrification resistance
a: no special abilities


You were on level 2 of the Dungeon.
You visited 1 branch of the dungeon, and saw 4 of its levels.

You collected 84 gold pieces.

Inventory:

Hand Weapons
 l - a +0 club (weapon)
Missiles
 p - 7 stones (quivered)
Armour
 a - a +0 robe (worn)
Jewellery
 e - an amulet of regeneration (around neck)
 h - an amulet of the acrobat
Scrolls
 d - 3 scrolls of enchant weapon {unknown}
 f - a scroll of identify
 g - a scroll of vulnerability {unknown}
 i - a scroll of fog {unknown}
 j - a scroll of fear {unknown}
 n - a scroll of enchant armour {unknown}
Potions
 b - a potion of magic
 c - 3 potions of curing {unknown}
 k - 2 potions of might {unknown}
 m - 2 potions of haste {unknown}
 o - 2 potions of flight {unknown}
 q - a potion of ambrosia {unknown}


   Skills:
 - Level 1.5 Dodging
 - Level 2.1 Stealth
 + Level 3.1 Spellcasting
 + Level 2.6 Conjurations
 - Level 0.7 Transmutations
 + Level 4.8 Earth Magic


You had 9 spell levels left.
You knew the following spells:

 Your Spells              Type           Power      Damage    Failure   Level
a - Sandblast             Erth           38%        2d10      2%          1

Your spell library contained the following spells:

 Spells                   Type           Power      Damage    Failure   Level
 Passwall                 Tmut/Erth      10%        N/A       9%          2
 Stone Arrow              Conj/Erth      30%        3d8       11%         3
 Petrify                  Tmut/Erth      12%        N/A       47%         4
 Summon Ice Beast         Ice/Summ       2%         N/A       86%         4
 Summon Mana Viper        Hex/Summ       2%         N/A       99%         5
 Monstrous Menagerie      Summ           1%         N/A       100%        7


Dungeon Overview and Level Annotations

Branches:
Dungeon (4/15)             Temple (0/1) D:4

Altars:


Innate Abilities, Weirdness & Mutations

You are immune to sickness and miasma.
Your stone body is resilient. (AC +4)
You are immune to poison.
You resist negative energy. (rN+)
You are resistant to electric shocks. (rElec)
You are resistant to unholy torment.
You are immune to petrification.


Message History

The scorpion misses you.
Aiming: Sandblast (safe; 2% risk of failure)
Press: ? - help, Shift-Dir - straight line, f/p - scorpion
Aim: a scorpion (lightly wounded, 82% to hit)
The blast of sand hits the scorpion!
The scorpion is heavily wounded.
The scorpion stings you.
* * * LOW HITPOINT WARNING * * *
The scorpion completely misses you.
You don't have enough magic to cast this spell.
You barely miss the scorpion.
The scorpion is heavily wounded.
The scorpion stings you but does no damage.
You don't have enough magic to cast this spell.
You hit the scorpion but do no damage.
The scorpion is heavily wounded.
The scorpion stings you but does no damage. x2
Aiming: Sandblast (safe; 2% risk of failure)
Press: ? - help, Shift-Dir - straight line, f/p - scorpion
Aim: a scorpion (heavily wounded, 82% to hit)
The blast of sand hits the scorpion.
The scorpion is severely wounded.
The scorpion barely misses you.
You barely miss the scorpion.
The scorpion is severely wounded.
The scorpion stings you.
* * * LOW HITPOINT WARNING * * *
The scorpion barely misses you.
You hit the scorpion but do no damage.
The scorpion is severely wounded.
The scorpion closely misses you. x2
You barely miss the scorpion.
The scorpion is severely wounded.
The scorpion closely misses you.
You don't have enough magic to cast this spell.
You closely miss the scorpion.
The scorpion is severely wounded.
The scorpion stings you but does no damage.
The scorpion stings you.
You die...

#.# #.# .. #.#
#.# #.# #.#
#.# ### #.#
#.# ..# #.#
#.# #(# #.#
#.# #.#
##.#####.# #.#
#.# #..@s....#
#.# ##.##
#..#######
#.###.#.###..#
#....###.....#
#####.#.####.#
#.. #.# ####
#.# #.# #.#


You could see a scorpion.

Vanquished Creatures
  A howler monkey (D:4)
  A hound (D:4)
  A gnoll (D:1)
  2 adders (D:2)
  2 bats (D:1)
  2 endoplasms (D:1)
  A giant cockroach (D:2)
  4 goblins
  3 hobgoblins
  2 jackals (D:1)
  2 quokkas (D:1)
  A ball python (D:1)
  2 frilled lizards (D:1)
  3 rats (D:1)
27 creatures vanquished.

Notes
Turn   | Place    | Note
-------+----------+-------------------------------------------
     0 | D:1      | fleeber the Gargoyle Earth Elementalist began the quest for
                  | the Orb.
     0 | D:1      | Reached XP level 1. HP: 10/10 MP: 3/3
   186 | D:1      | Reached skill level 1 in Conjurations
   186 | D:1      | Reached skill level 4 in Earth Magic
   186 | D:1      | Reached XP level 2. HP: 15/15 MP: 1/5
   272 | D:1      | Noticed a great orb of eyes
   274 | D:1      | Found a faded altar of an unknown god.
   276 | D:1      | Noticed a great orb of eyes
   276 | D:1      | Noticed a great orb of eyes
   276 | D:1      | Noticed an eye of devastation
   483 | D:1      | Reached XP level 3. HP: 19/19 MP: 3/6
   887 | D:2      | You fall into a shaft and drop 2 floors!
   920 | D:4      | Reached XP level 4. HP: 24/24 MP: 4/8
  1000 | D:4      | Noticed an ogre
  1007 | D:4      | Found a staircase to the Ecumenical Temple.
  1233 | D:2      | Reached XP level 5. HP: 26/28 MP: 7/9
  1378 | D:2      | Slain by a scorpion

Illustrated notes

Levels and vault maps discovered:
D:1:      erik_arrival_blinker_ship, layout_basic,
          hellmonk_ecumenical_altar_watching_god
D:2:      layout_loops_ring
D:3:      layout_loops_ring, general_overflow_altar,
          nicolae_overflow_hallway_of_the_gods,
          mainiacjoe_overflow_catwalk_spiral, serial_shops,
          nicolae_shop_waterfront
D:4:      layout_basic, mainiacjoe_overflow_alcove_4,
          minmay_temple_entry_junction, grunt_ministairs_2

Skill      XL: |  1  2  3  4 |
---------------+-------------+-----
Conjurations   | 1 2 |  2.6
Earth Magic    | 4 |  4.8
Spellcasting   | 3 |  3.1
Dodging        | |  1.5
Stealth        | |  2.1
Transmutations | |  0.7

Action                   |  1- 3 |  4- 6 || total
-------------------------+-------+-------++-------
Melee: Club              |       |     6 ||     6
 Cast: Sandblast         |    29 |    18 ||    47
  Use: Scroll            |       |     2 ||     2
Armor: Robe              |     5 |     6 ||    11
Dodge: Dodged            |     5 |     9 ||    14
